 Dungeon Crawl Stone Soup version 0.27-a0-1442-g87b6fcb595 (webtiles) character file.

Game seed: 2225914677918235745

1548 avis the Martial Artist (level 8, -3/60 HPs)
             Began as a Merfolk Transmuter on July 4, 2021.
             Was a Follower of Okawaru.
             Slain by a hound (4 damage)
             ... in the Ecumenical Temple.
             The game lasted 00:35:27 (5794 turns).

avis the Martial Artist (Merfolk Transmuter)        Turns: 5794, Time: 00:35:28

Health: -3/60      AC:  5    Str: 12    XL:     8   Next: 87%
Magic:  4/12       EV: 13    Int: 12    God:    Okawaru [*.....]
Gold:   268        SH:  0    Dex: 15    Spells: 3/11 levels left

rFire    . . .     SeeInvis .   b - +4 hunting sling
rCold    + . .     Faith    .   (no shield)
rNeg     . . .     Spirit   .   A - +0 leather armour
rPois    .         Reflect  .   (no helmet)
rElec    .         Harm     .   (no cloak)
rCorr    .         Rampage  .   o - +0 pair of gloves
Will     .....                  v - +0 pair of boots
Stlth    +.........             (no amulet)
HPRegen  0.20/turn              l - ring of protection from cold
MPRegen  0.13/turn              (no ring)

@: flying, very slightly contaminated
A: (nimble swimmer 2), mertail
a: Renounce Religion, Heroism


You were in the Ecumenical Temple.
You worshipped Okawaru.
Okawaru was aware of your devotion.
You visited 2 branches of the dungeon, and saw 6 of its levels.
You also visited: Sewer.

You collected 268 gold pieces.

Inventory:

Hand Weapons
 b - a +4 hunting sling (weapon)
 c - a +2 dagger of venom
 d - a +2 dagger of draining
 j - a +2 short sword of electrocution
 s - a +2 dagger of speed
 u - a +0 hand axe of electrocution
 y - a +0 hunting sling
 I - a +0 shortbow
 J - a +0 vorpal hunting sling
Missiles
 e - 16 poisoned darts
 g - 13 bolts
 k - 142 stones (quivered ammo)
 m - 31 arrows
 p - 21 sling bullets
 w - 5 boomerangs
Armour
 a - a +0 robe
 o - a +0 pair of gloves (worn)
 v - a +0 pair of boots (worn)
 A - a +0 leather armour (worn)
Jewellery
 l - a ring of protection from cold (left hand)
Wands
 x - a wand of flame (14)
Scrolls
 C - a scroll of identify
 D - a scroll of enchant armour {unknown}
 E - a scroll of vulnerability
 F - a scroll of magic mapping {unknown}
 G - 2 scrolls of amnesia {unknown}
 K - a scroll of torment {unknown}
Potions
 h - a potion of degeneration
 i - a potion of flight
 n - a potion of lignification {unknown}
 r - 2 potions of heal wounds {unknown}
 t - a potion of brilliance {unknown}
 z - a potion of might {unknown}
 B - a potion of cancellation {unknown}


   Skills:
 - Level 4.0 Fighting
 + Level 5.0 Dodging
 - Level 9.0 Unarmed Combat
 - Level 2.0 Spellcasting
 - Level 4.0 Transmutations
 - Level 1.0 Poison Magic
 * Level 5.6 Invocations


You had 3 spell levels left.
You knew the following spells:

 Your Spells              Type           Power      Damage    Failure   Level
a - Beastly Appendage     Tmut           20%        N/A       7%          1
p - Spider Form           Tmut/Pois      3%         N/A       36%         3
q - Ice Form              Ice/Tmut       6%         N/A       83%         4

Your spell library contained the following spells:

 Spells                   Type           Power      Damage    Failure   Level
 Wereblood                Tmut           10%        N/A       10%         2


Dungeon Overview and Level Annotations

Branches:
Dungeon (5/15)             Temple (1/1) D:5           Sewer (visited)

Altars:
Ashenzari
Okawaru
Vehumet
Xom

Annotations:
D:5 Pikel


Innate Abilities, Weirdness & Mutations

((You are quick and stealthy near water. (Stealth+, EV+, Speed+++)))
Your lower body shifts to a powerful aquatic tail in water.


Message History

Confirm with . or Enter, or press ? or * to list all spells.
You grow a pair of large bovine horns.
Your +0 pair of boots melds into your body.
The hound barely misses you.
Really attack while wielding your +4 hunting sling? [Y]es or [N]o only, please.
Really attack while wielding your +4 hunting sling?
Okay, then.
The ufetubus closely misses you. x2
Your extra speed is starting to run out.
You feel yourself slow down. The hound closely misses you.
The hound barely misses you.
Your transformation is almost over.
The hound bites you.
* * * LOW HITPOINT WARNING * * *
The hound bites you but does no damage. The hound closely misses you.
The hound bites you but does no damage. The ufetubus hits you.
* * * LOW HITPOINT WARNING * * *
The ufetubus barely misses you.
Your horns disappear.
Your +0 pair of boots unmelds from your body.
The hound pauses to sniff the ground.
The hound stops to sniff the ground.
The hound bites you but does no damage.
The ufetubus hits you but does no damage.
The ufetubus hits you.
* * * LOW HITPOINT WARNING * * *
The hound bites you.
* * * LOW HITPOINT WARNING * * *
It was a potion of flight.
You feel very buoyant.
You fly up into the air.
The ufetubus closely misses you. The ufetubus barely misses you.
The hound bites you but does no damage. The ufetubus misses you.
The ufetubus hits you but does no damage.
The hound bites you.
You die...

≈≈≈≈≈≈.......P..........
≈≈≈≈≈............P.♣P...
≈≈≈≈≈.......P#######....
≈≈≈≈.......### ###..
≈≈≈.....♣### ###
≈≈......# # ≈.......#
≈≈....h5# ≈......@#
≈≈......## #
≈≈.......### ###
≈≈≈≈.....PP### ###..
≈≈≈≈≈..♣.....#######....
≈≈≈≈≈≈.♣............P...
≈≈≈≈≈≈..................
≈≈≈≈≈≈≈≈............P...
≈≈≈≈≈≈≈≈..≈....≈..≈.≈.≈.


You could see a hound and an ufetubus.

Vanquished Creatures
  A two-headed ogre (D:5)
  Grinder (D:4)
  Menkaure (D:4)
  A centaur (D:5)
  A lemure (D:4)
  A kobold brigand (Sewer)
  A scorpion (D:4)
  A water moccasin skeleton (D:4)
  A howler monkey (D:5)
  A hound (D:4)
  An orc priest (D:3)
  4 iguanas
  An orc wizard (D:3)
  A hound skeleton (D:4)
  2 river rats (Sewer)
  3 adders
  2 adder skeletons
  4 worms
  2 dart slugs
  8 orcs
  6 endoplasms
  3 giant cockroaches
  4 goblins
  4 hobgoblins
  2 jackals (Sewer)
  13 kobolds
  4 quokkas
  3 ball pythons
  5 bats
  5 frilled lizards
  6 rats
93 creatures vanquished.

Vanquished Creatures (others)
  2 plants (D:1)
2 creatures vanquished.

Grand Total: 95 creatures vanquished

Notes
Turn   | Place    | Note
-------+----------+-------------------------------------------
     0 | D:1      | avis the Merfolk Transmuter began the quest for the Orb.
     0 | D:1      | Reached XP level 1. HP: 15/15 MP: 3/3
   220 | D:1      | Reached XP level 2. HP: 14/21 MP: 3/5
   409 | D:1      | Reached skill level 4 in Unarmed Combat
   739 | D:1      | Found a faded altar of an unknown god.
  1379 | D:2      | Reached XP level 3. HP: 21/27 MP: 4/6
  1518 | D:2      | Reached skill level 1 in Poison Magic
  1522 | D:2      | Learned a level 3 spell: Spider Form
  2274 | D:2      | Reached XP level 4. HP: 22/33 MP: 4/7
  2490 | D:3      | Found a broken altar of Ashenzari.
  2498 | D:3      | Found a shimmering altar of Xom.
  2624 | D:3      | Found a radiant altar of Vehumet.
  2826 | D:3      | Reached skill level 5 in Unarmed Combat
  2890 | D:3      | Reached XP level 5. HP: 20/38 MP: 5/8
  3327 | D:4      | Reached skill level 6 in Unarmed Combat
  3447 | D:4      | Noticed Menkaure
  3457 | D:4      | Killed Menkaure
  3458 | D:4      | Reached skill level 5 in Dodging
  3458 | D:4      | Reached XP level 6. HP: 4/44 MP: 6/9
  3501 | D:4      | Noticed Grinder
  3508 | D:4      | Paralysed by Grinder for 3 turns
  3517 | D:4      | Found a glowing drain.
  3528 | Sewer    | Entered a sewer
  3853 | Sewer    | Found a glowing silver altar of Zin.
  3919 | D:4      | Learned a level 4 spell: Ice Form
  3971 | D:4      | Reached XP level 7. HP: 49/52 MP: 1/10
  4141 | D:4      | Reached skill level 7 in Unarmed Combat
  4606 | D:4      | Killed Grinder
  4607 | D:4      | Reached skill level 8 in Unarmed Combat
  5081 | D:5      | Entered Level 5 of the Dungeon
  5224 | D:5      | Noticed Pikel
  5354 | D:5      | Reached XP level 8. HP: 60/60 MP: 11/11
  5358 | D:5      | Found an iron altar of Okawaru.
  5394 | D:5      | Became a worshipper of Warmaster Okawaru
  5675 | D:5      | Noticed a two-headed ogre
  5689 | D:5      | Killed a two-headed ogre
  5689 | D:5      | Reached * piety under Okawaru
  5690 | D:5      | Reached skill level 9 in Unarmed Combat
  5690 | D:5      | Reached skill level 5 in Invocations
  5711 | D:5      | Found a staircase to the Ecumenical Temple.
  5717 | Temple   | Entered the Ecumenical Temple
  5723 | Temple   | HP: 3/60 [hound (3)]
  5792 | Temple   | HP: 3/60 [ufetubus (2)]
  5792 | Temple   | HP: 1/60 [hound (2)]
  5794 | Temple   | Slain by a hound

Illustrated notes

Levels and vault maps discovered:
D:1:      minmay_arrival_glassed_features, layout_loops_ring,
          ebering_ecumenical_altar_box, serial_rivers,
          chequers_serial_rivers_micro_b, chequers_serial_rivers_micro_b,
          chequers_serial_rivers_small_b, chequers_serial_rivers_micro_e,
          chequers_serial_rivers_micro_d, chequers_big_river
D:2:      layout_loops_cross, glass_columns_b
D:3:      layout_loops_cross, xom_teletrap_fun, cheibrodos_ashenzari_chains,
          old_standard_altar
D:4:      minmay_evil_eye, layout_basic, portal_sewer_entry_d, uniq_menkaure,
          uniq_grinder
D:5:      layout_loops_ring, kennysheep_little_box, okawaru_gym_becter,
          minmay_temple_entry_mini_moons, uniq_pikel, uniq_blork_the_orc
Temple:   jpeg_temple_island

Skill      XL: |  1  2  3  4  5  6  7  8 |
---------------+-------------------------+-----
Unarmed Combat | 4 5 6 8 9 |  9.0
Transmutations | 3 4 |  4.0
Fighting       | 2 3 4 |  4.0
Poison Magic   | 1 |  1.0
Dodging        | 5 |  5.0
Invocations    | 5 |  5.6
Spellcasting   | |  2.0

Action                   |  1- 3 |  4- 6 |  7- 9 || total
-------------------------+-------+-------+-------++-------
Melee: Unarmed           |    75 |    62 |    69 ||   206
       Headbutt          |     7 |       |     3 ||    10
       Tailslap          |     1 |       |       ||     1
       Punch             |       |       |     1 ||     1
 Fire: Hunting sling     |    57 |    32 |    30 ||   119
 Cast: Beastly Appendage |    13 |       |     4 ||    17
       Spider Form       |     3 |     9 |     8 ||    20
  Use: Scroll            |       |     6 |     1 ||     7
       Potion            |       |     1 |     4 ||     5
 Stab: Sleeping          |     2 |       |       ||     2
Armor: Robe              |     8 |     1 |       ||     9
       Skin              |     2 |     1 |     2 ||     5
       Leather armour    |       |       |    11 ||    11
Dodge: Dodged            |    52 |    40 |    91 ||   183

Table legend: (Time is in decaauts)
 A = Elapsed time spent in this place.
 B = Non-inter-level travel time spent in this place.
 C = Inter-level travel time spent in this place.
 D = Time resting spent in this place.
 E = Time spent auto-exploring this place.
 F = Levels seen in this place.
 G = Mean time per level.
                   A        B        C        D        E       F      G
               +--------+--------+--------+--------+--------+-----+--------+
         Total |   5717 |   5183 |    534 |   1181 |   2542 |   7 |  816.7 |
       Dungeon |   5292 |   4758 |    534 |    963 |   2520 |   5 | 1058.4 |
        Temple |     59 |     59 |      0 |      0 |      0 |   1 |   59.0 |
         Sewer |    365 |    365 |      0 |    218 |     22 |   1 |  365.0 |
               +--------+--------+--------+--------+--------+-----+--------+

Top non-repeatable levels by time:
     D:4: 1511 daAuts
     D:1: 1270 daAuts
     D:2: 1182 daAuts
     D:3: 852 daAuts
     D:5: 475 daAuts
   Sewer: 365 daAuts
  Temple: 59 daAuts
